AoeStats
← tbzachary

Hill Fort

506314652Analyzed
2v2 RM · 21d ago on Sep 13, 2026· 51m 30s· 4 players
Game mode
Random Map
Map size
Medium (4 player)
Population
200
Speed
Normal
Resources
Standard
Victory
Conquest
Starting age
Dark Age
Ending age
Imperial Age
RankedLock teamsTeams togetherTeam positionsShared explorationLock speedFull tech treeHidden civsTurbo modeCheats
Victory
Defeat
🇺🇸 Mongols · United States
804
+15
🇦🇷 Huns · Argentina
705
+19
🇦🇷 Aztecs · Argentina
770
-17
🇦🇷 Vietnamese · Argentina
766
-17
MAREKE
8:07 Loom
11:17 Feudal Age
11:43 Double-Bit Axe
11:40 Horse Collar
17:11 Wheelbarrow
21:20 Castle Age
20:15 Bloodlines
19:59 Gold Mining
21:19 Fletching
21:47 Forging
21:25 Elite Skirmisher
24:08 Bow Saw
25:17 Bodkin Arrow
25:58 Iron Casting
25:46 Padded Archer Armor
30:25 Husbandry
33:19 Scale Barding Armor
43:37 Imperial Age
42:00 Chain Barding Armor
41:56 Leather Archer Armor
45:09 Cavalier
45:53 Bracer
50:52 Imperial Skirmisher
Sir Henrroll
6:22 Loom
12:49 Feudal Age
14:29 Horse Collar
18:38 Double-Bit Axe
20:59 Castle Age
19:58 Scale Mail Armor
21:50 Squires
21:18 Eagle Warrior
25:44 Forging
27:28 Elite Skirmisher
38:04 Imperial Age
38:23 Heavy Plow
40:07 Conscription
39:23 Man-at-Arms
40:41 Garland Wars
40:47 Conscription
43:14 Chain Mail Armor
45:33 Man-at-Arms
46:00 Gambesons
46:47 Pikeman
49:02 Elite Jaguar Warrior
50:30 Plate Mail Armor
mxmauchjob
7:02 Loom
9:24 Feudal Age
10:01 Horse Collar
10:09 Double-Bit Axe
14:09 Gold Mining
17:26 Castle Age
17:31 Fletching
17:41 Padded Archer Armor
18:08 Bodkin Arrow
19:09 Thumb Ring
24:57 Ballistics
25:04 Leather Archer Armor
28:05 Forging
28:01 Scale Barding Armor
31:02 Bloodlines
30:53 Husbandry
31:33 Iron Casting
41:46 Chain Barding Armor
43:40 Bow Saw
45:33 Wheelbarrow
50:53 Imperial Age
48:41 Hand Cart
50:33 Light Cavalry
tbzachary
5:16 Loom
9:22 Feudal Age
12:38 Double-Bit Axe
15:44 Horse Collar
17:05 Bloodlines
21:07 Castle Age
21:26 Gold Mining
22:17 Padded Archer Armor
22:08 Fletching
24:08 Gold Shaft Mining
26:41 Leather Archer Armor
26:22 Bodkin Arrow
27:00 Husbandry
27:11 Scale Barding Armor
27:17 Forging
33:37 Imperial Age
33:58 Chain Barding Armor
34:14 Iron Casting
35:45 Bow Saw
35:40 Elite Mangudai
36:35 Bracer
38:37 Drill
40:53 Blast Furnace
39:45 Heavy Camel Rider
42:24 Wheelbarrow
41:37 Town Watch
45:02 Onager
48:48 Chemistry
48:08 Ballistics
47:55 Siege Engineers
48:16 Ballistics
47:54 Siege Onager
49:07 Stone Mining
49:28 Caravan
Connection lost

Rejoining the realm…

Still unreachable

The connection could not be restored.

Session expired

The server has moved on; the page needs a fresh start.